 Seeded DCSS version 0.28.0-53-g5a82cb258f (webtiles) character file.

Game seed: 923847 (custom seed)

86 xaos the Sneak (level 4, -4/34 HPs)
             Began as a Demonspawn Brigand on June 9, 2022.
             Was a Follower of Uskayaw.
             Slain by a bullfrog (5 damage)
             ... on level 3 of the Dungeon on June 18, 2022.
             The game lasted 00:13:26 (3365 turns).

xaos the Sneak (Demonspawn Brigand)                 Turns: 3365, Time: 00:13:27

Health: -4/34      AC: 12    Str: 13    XL:     4   Next: 26%
Magic:  0/4        EV:  1    Int: 12    God:    Uskayaw [*.....]
Gold:   62         SH: 11    Dex: 15    Spells: 3/3 levels left

rFire   . . .      SeeInvis .   r - +3 short sword
rCold   . . .      Faith    .   o - +0 tower shield
rNeg    . . .      Spirit   +   k - +0 storm dragon scales
rPois   .          Reflect  .   (no helmet)
rElec   +          Harm     .   c - +0 cloak
rCorr   .          Rampage  .   f - +0 pair of gloves
Will    .....                   (no boots)
Stlth   ..........              (no amulet)
HPRegen 0.11/turn               i - ring of wizardry
MPRegen 0.18/turn               (no ring)

@: no status effects
A: magic shield, magic regeneration
a: Renounce Religion, Stomp


You were on level 3 of the Dungeon.
You worshipped Uskayaw.
Uskayaw was noncommittal.
You visited 1 branch of the dungeon, and saw 3 of its levels.

You collected 84 gold pieces.
You spent 22 gold pieces at shops.

Inventory:

Hand Weapons
 a - a +2 dagger
 r - a +3 short sword (weapon)
Missiles
 d - 8 poisoned darts (quivered)
 e - 2 curare-tipped darts
 s - 24 bolts
Armour
 b - a +0 robe
 c - a +0 cloak (worn)
 f - a +0 pair of gloves (worn)
 k - +0 storm dragon scales (worn)
 o - a +0 tower shield (worn)
Jewellery
 i - a ring of wizardry (left hand)
Scrolls
 j - 2 scrolls of fog
 m - 2 scrolls of enchant weapon
Potions
 h - a potion of cancellation {unknown}
 l - a potion of ambrosia {unknown}
 n - a potion of curing {unknown}
 p - a potion of resistance {unknown}
 q - a potion of mutation {unknown}


   Skills:
 + Level 2.4 Fighting
 + Level 2.1 Short Blades
 + Level 1.8 Throwing
 + Level 1.0 Armour
 + Level 1.3 Dodging
 + Level 4.4 Stealth
 + Level 1.1 Shields


You had 3 spell levels left.
You didn't know any spells.
Your spell library was empty.

Dungeon Overview and Level Annotations

Branches:
Dungeon (3/15)

Altars:
Uskayaw

Shops:
D:1 ?

Annotations:
D:3 mdk's ghost, weakling DECj


Innate Abilities, Weirdness & Mutations

When hurt, damage is shared between your health and your magic reserves.
You regenerate magic rapidly.


Message History

The bullfrog looks frightened!
The adder looks frightened!
Mdk's ghost is unaffected.
The ball python looks frightened!
It was a scroll of fear.
Cornered, the bullfrog turns to fight!
Cornered, the adder turns to fight!
The bullfrog hits you but does no damage.
You see here a rat corpse.
You block the bullfrog's attack.
You hit the bullfrog.
The bullfrog is lightly wounded.
The bullfrog hits you.
* * * LOW HITPOINT WARNING * * *
The bullfrog hits you but does no damage.
You puncture the bullfrog!
The bullfrog is moderately wounded.
The bullfrog hits you but does no damage.
The bullfrog completely misses you.
The bullfrog hits you but does no damage.
You hit the bullfrog.
The bullfrog is heavily wounded.
The bullfrog hits you but does no damage.
The bullfrog hits you.
* * * LOW HITPOINT WARNING * * *
You can now pass through a line of other dancers.
You closely miss the bullfrog.
The bullfrog is heavily wounded.
You block the bullfrog's attack.
The bullfrog swells and bulges.
The bullfrog hits you but does no damage.
You miss the bullfrog.
The bullfrog is heavily wounded.
You block the bullfrog's attack. The bullfrog hits you.
* * * LOW HITPOINT WARNING * * *
The bullfrog hits you but does no damage.
You can no longer pass through a line of other dancers.
The bullfrog hits you.
* * * LOW HITPOINT WARNING * * *
You block the bullfrog's attack.
The bullfrog hits you but does no damage.
The bullfrog hits you!
You die...

#≈?≈# #†# #.#
#≈≈≈# #.##.# #.#
#B##.# #.# #.##.#
#.# #W##.# #.#
#.##.# #.# #.##.#
#.#
##.##.#########.#
#..W.SF@........#
#####.###########
#.# #.# #.# #.#
#.# #.# #.#


You could see a bullfrog, mdk's ghost and an adder.

Vanquished Creatures
  A gnoll (D:3)
  3 adders
  A worm (D:3)
  3 ball pythons
  4 endoplasms
  2 giant cockroaches
  6 goblins
  4 hobgoblins
  2 jackals (D:1)
  4 kobolds
  A quokka (D:1)
  8 bats
  2 frilled lizards (D:1)
  4 rats
45 creatures vanquished.

Notes
Turn   | Place    | Note
-------+----------+-------------------------------------------
     0 | D:1      | xaos the Demonspawn Brigand began the quest for the Orb.
     0 | D:1      | Reached XP level 1. HP: 16/16 MP: 1/1
   537 | D:1      | Gained mutation: You regenerate magic rapidly. [demonic
                  | ancestry]
   537 | D:1      | Reached XP level 2. HP: 22/22 MP: 2/2
   543 | D:1      | Reached skill level 4 in Stealth
   736 | D:1      | Found Puclow's Magic Scroll Boutique.
   745 | D:1      | Bought a scroll of fog for 22 gold pieces
  1253 | D:2      | Found a faded altar of an unknown god.
  1262 | D:2      | Prayed at the altar of an unknown god.
  1262 | D:2      | Became a worshipper of Uskayaw the Reveller
  1262 | D:2      | Reached * piety under Uskayaw
  1327 | D:2      | Gained mutation: When hurt, damage is shared between your
                  | health and your magic reserves. [demonic ancestry]
  1327 | D:2      | Reached XP level 3. HP: 27/28 MP: 3/3
  1386 | D:2      | Reached ** piety under Uskayaw
  1395 | D:2      | Reached skill level 1 in Dodging
  3302 | D:3      | Found a runed translucent door.
  3321 | D:3      | Reached skill level 1 in Armour
  3321 | D:3      | Reached XP level 4. HP: 23/34 MP: 4/4
  3322 | D:3      | Reached *** piety under Uskayaw
  3324 | D:3      | Reached skill level 1 in Shields
  3328 | D:3      | Noticed a bullfrog
  3328 | D:3      | Noticed mdk's ghost (weakling DECj)
  3358 | D:3      | HP: 1/34 [bullfrog (2)]
  3365 | D:3      | Slain by a bullfrog

Illustrated notes

Levels and vault maps discovered:
D:1:      amcnicky_arrival_abandoned_market, layout_rooms, serial_shops,
          nicolae_shop_window_shopping
D:2:      layout_loops_ring, chequers_ecumenical_altar_island
D:3:      layout_basic, ebering_ghost_sewer_f

Skill      XL: |  1  2  3  4 |
---------------+-------------+-----
Stealth        | 4 |  4.4
Dodging        | 1 |  1.3
Short Blades   | 2 |  2.1
Armour         | 1 |  1.0
Shields        | 1 |  1.1
Fighting       | |  2.4
Throwing       | |  1.8

Action                   |  1- 3 |  4- 6 || total
-------------------------+-------+-------++-------
Melee: Dagger            |   151 |       ||   151
       Short sword       |    23 |     9 ||    32
Throw: Dart              |     1 |       ||     1
Invok: Stomp             |     1 |       ||     1
  Use: Scroll            |       |     2 ||     2
 Stab: Sleeping          |     2 |       ||     2
       Paralysed         |       |     1 ||     1
Armor: Robe              |    15 |       ||    15
       Storm dragon scal |   111 |    10 ||   121
Dodge: Dodged            |    33 |     1 ||    34
Block: Tower shield      |    71 |     8 ||    79
